 Dungeon Crawl Stone Soup version 0.28-a0-1038-g9c4cb8273d (webtiles) character file.

Game seed: 17395617963152767722

77 tilp the Chiller (level 4, 18/18 HPs)
             Began as a Felid Ice Elementalist on Dec 8, 2021.
             Quit the game on level 3 of the Dungeon.
             The game lasted 00:03:46 (2818 turns).

tilp the Chiller (Felid Ice Elementalist)           Turns: 2818, Time: 00:03:47

Health: 18/18      AC:  1    Str:  4    XL:     4   Next: 14%
Magic:  9/9        EV: 17    Int: 19    God:
Gold:   84         SH:  0    Dex: 16    Spells: 2/9 levels left
                                        Lives:  0   Deaths: 1

rFire   . . .      SeeInvis +     - Unarmed
rCold   . . .      Faith    .   (shield unavailable)
rNeg    . . .      Spirit   .   (armour unavailable)
rPois   .          Reflect  .   (helmet unavailable)
rElec   .          Harm     .   (cloak unavailable)
rCorr   .          Rampage  .   (gloves unavailable)
Will    .....                   (boots unavailable)
Stlth   ++........              (no amulet)
HPRegen 0.06/turn               (no ring)
MPRegen 0.11/turn               (no ring)

@: quick
A: very small, claws 1, fangs 3, see invisible, speed 1, shaggy fur 1, stealthy
paws, no weapons or thrown items, no armour, multi-lived
a: no special abilities


You were on level 3 of the Dungeon.
You visited 1 branch of the dungeon, and saw 3 of its levels.

You collected 84 gold pieces.

Inventory:

Wands
 b - a wand of polymorph (7)
Potions
 a - a potion of heal wounds {unknown}
 c - a potion of haste {unknown}
 d - a potion of curing {unknown}
 f - a potion of attraction {unknown}


   Skills:
 - Level 2.6 Dodging
 - Level 2.6 Stealth
 - Level 2.0 Unarmed Combat
 + Level 3.0 Spellcasting
 * Level 5.0 Ice Magic


You had 2 spell levels left.
You knew the following spells:

 Your Spells              Type           Power      Damage    Failure   Level
a - Freeze                Ice            84%        1d10      1%          1
b - Frozen Ramparts       Ice            42%        1d6       6%          3
c - Ozocubu's Armour      Ice            21%        N/A       6%          3

Your spell library contained the following spells:

 Spells                   Type           Power      Damage    Failure   Level
 Sublimation of Blood     Necr           2%         N/A       22%         2
 Wereblood                Tmut           2%         N/A       22%         2
 Gell's Gravitas          Tloc           2%         N/A       41%         3
 Teleport Other           Tloc           2%         N/A       41%         3
 Hailstorm                Conj/Ice       12%        3d5       47%         4
 Dispersal                Tloc           1%         N/A       100%        6
 Summon Hydra             Summ           1%         N/A       100%        7


Dungeon Overview and Level Annotations

Branches:
Dungeon (3/15)

Altars:


Innate Abilities, Weirdness & Mutations

You have sharp claws.
You have razor-sharp teeth.
You have supernaturally acute eyesight. (SInv)
You cover ground quickly. (Speed+)
You are covered in fur. (AC +1)
Your paws help you pounce on unaware monsters.
You are incapable of wielding weapons or throwing items.
You cannot wear armour.
You gain extra lives every three experience levels.


Message History

Casting: Ozocubu's Armour (quite dangerous; 6% risk of failure)
Confirm with . or Enter, or press ? or * to list all spells.
The spell is quite dangerous to miscast (6% risk of failure)!
Continue anyway?
A film of ice covers your body!
The gnoll shouts!
The wall freezes the gnoll.
The gnoll hits you with a +0 flail.
Unknown command.
Unknown command.
The wall freezes the gnoll.
You kill the gnoll!
Your Ice Magic skill increases to level 5!
The wall freezes the gnoll.
The gnoll completely misses you.
The wall freezes the gnoll.
The gnoll misses you.
The wall freezes the gnoll.
The gnoll misses you.
The frozen ramparts melt away.
The gnoll hits you from afar with a +0 halberd!
Ouch! That really hurt!
* * * LOW HITPOINT WARNING * * *
Unknown command.
Casting: Ozocubu's Armour (quite dangerous; 6% risk of failure)
Confirm with . or Enter, or press ? or * to list all spells.
The spell is quite dangerous to miscast (6% risk of failure)!
Continue anyway?
Okay, then.
Casting: Frozen Ramparts (quite dangerous; 6% risk of failure)
Confirm with . or Enter, or press ? or * to list all spells.
The spell is quite dangerous to miscast (6% risk of failure)!
Continue anyway?
Casting: Frozen Ramparts (quite dangerous; 6% risk of failure)
Press: ? - help, Dir - look around, f - activate The walls around you are covered in ice.
The wall freezes the gnoll.
The gnoll closely misses you.
Unknown command.
The wall freezes the gnoll.
The gnoll hits you from afar with a +0 halberd!
Ouch! That really hurt!
You die...
You are now level 4!
You rejoin the land of the living...
Unknown command.
Unknown command.
Are you sure you want to abandon this character and quit the game? (Confirm with "yes".)

#########
##.......
.........
........#
........#
.......@#
##.###.........
...........
#.#.........
#.#....#.... #
#....#....
#....# ...
...... ..


There were no monsters in sight!

Vanquished Creatures
  7 gnolls
  3 adders (D:2)
  2 worms (D:2)
  5 endoplasms
  A giant cockroach (D:2)
  3 goblins
  4 hobgoblins
  7 jackals (D:1)
  2 quokkas
  6 ball pythons
  7 bats
  7 frilled lizards
  A kobold (D:1)
  4 rats (D:2)
59 creatures vanquished.

Vanquished Creatures (others)
  4 toadstools (D:1)
4 creatures vanquished.

Grand Total: 63 creatures vanquished

Notes
Turn   | Place    | Note
-------+----------+-------------------------------------------
     0 | D:1      | tilp the Felid Ice Elementalist began the quest for the
                  | Orb.
     0 | D:1      | Reached XP level 1. HP: 7/7 MP: 4/4
    59 | D:1      | Reached skill level 1 in Unarmed Combat
   598 | D:1      | Reached XP level 2. HP: 11/11 MP: 1/6
  1028 | D:1      | Found a faded altar of an unknown god.
  1095 | D:1      | Reached XP level 3. HP: 8/14 MP: 4/7
  1099 | D:1      | Learned a level 3 spell: Frozen Ramparts
  1419 | D:2      | Reached skill level 4 in Ice Magic
  2008 | D:2      | Reached XP level 4. HP: 18/18 MP: 1/8
  2038 | D:2      | Learned a level 3 spell: Ozocubu's Armour
  2726 | D:3      | Reached XP level 5. HP: 21/21 MP: 2/10
  2811 | D:3      | Reached skill level 5 in Ice Magic
  2817 | D:3      | Slain by a gnoll
  2818 | D:3      | Reached XP level 4. HP: -5/18 MP: 2/9
  2818 | D:3      | Quit the game

Illustrated notes

Levels and vault maps discovered:
D:1:      ldierk_walled_garden_2, layout_rooms,
          hellmonk_ecumenical_altar_zigzags,
          nicolae_concentric_dashed_squares_wild
D:2:      layout_loops_ring, minmay_randomly_rotated_circles
D:3:      layout_basic, mainiacjoe_overflow_alcove_1, minmay_crystal_room,
          corexii_shack

Skill      XL: |  1  2  3  4  5 |
---------------+----------------+-----
Unarmed Combat | 1 2 |  2.0
Ice Magic      | 4 5 |  5.0
Spellcasting   | 3 |  3.0
Dodging        | |  2.6
Stealth        | |  2.6

Action                   |  1- 3 |  4- 6 || total
-------------------------+-------+-------++-------
Melee: Unarmed           |    27 |     3 ||    30
       Bite              |     2 |       ||     2
 Cast: Freeze            |    50 |     9 ||    59
       Frozen Ramparts   |     3 |     7 ||    10
       Ozocubu's Armour  |       |     3 ||     3
  Use: Scroll            |     3 |     1 ||     4
 Stab: Sleeping          |     5 |     1 ||     6
Armor: Skin              |     7 |       ||     7
Dodge: Dodged            |    58 |     9 ||    67

Table legend: (Time is in decaauts)
 A = Elapsed time spent in this place.
 B = Non-inter-level travel time spent in this place.
 C = Inter-level travel time spent in this place.
 D = Time resting spent in this place.
 E = Time spent auto-exploring this place.
 F = Levels seen in this place.
 G = Mean time per level.
                   A        B        C        D        E       F      G
               +--------+--------+--------+--------+--------+-----+--------+
         Total |   2604 |   2586 |     18 |    731 |   1418 |   3 |  868.0 |
       Dungeon |   2604 |   2586 |     18 |    731 |   1418 |   3 |  868.0 |
               +--------+--------+--------+--------+--------+-----+--------+

Top non-repeatable levels by time:
     D:1: 1335 daAuts
     D:2: 1149 daAuts
     D:3: 119 daAuts
